 Dungeon Crawl Stone Soup version 0.21.1-1-g345015f (webtiles) character file.

63 tkdonut the Chopper (level 4, -3/40 HPs)
             Began as a Hill Orc Berserker on July 8, 2018.
             Was a Believer of Trog.
             Slain by a gnoll
             ... wielding a +0 halberd
              (7 damage)
             ... on level 2 of the Dungeon.
             The game lasted 00:01:55 (1188 turns).

tkdonut the Chopper (Hill Orc Berserker)            Turns: 1188, Time: 00:01:56

Health: -3/40      AC:  7    Str: 20    XL:     4   Next: 10%
Magic:  4/4        EV: 10    Int:  7    God:    Trog [**....]
Gold:   71         SH:  0    Dex: 10    Spells: 3/3 levels left

rFire    . . .     SeeInvis .   a - +0 hand axe
rCold    . . .     Gourm    .   (no shield)
rNeg     . . .     Faith    .   p - +0 scale mail
rPois    .         Spirit   .   (no helmet)
rElec    .         Reflect  .   (no cloak)
rCorr    .         Harm     .   m - +0 pair of gloves
MR       .....                  (no boots)
Stlth    +.........             (no amulet)
HPRegen  0.13/turn              i - ring of stealth
MPRegen  0.09/turn              n - ring of wizardry

@: berserk cooldown, slowed, very slow
A: no striking features
a: Berserk, Trog's Hand, Burn Spellbooks, Renounce Religion


You were on level 2 of the Dungeon.
You worshipped Trog.
Trog was pleased with you.
You were near starving.

You visited 1 branch of the dungeon, and saw 2 of its levels.

You collected 71 gold pieces.

Inventory:

Hand Weapons
 a - a +0 hand axe (weapon)
Armour
 b - a +0 animal skin
 m - a +0 pair of gloves (worn)
 o - a +0 cloak
 p - a +0 scale mail (worn)
Jewellery
 i - a ring of stealth (left hand)
 n - a ring of wizardry (right hand)
Scrolls
 f - a scroll of magic mapping {unknown}
 g - 4 scrolls of remove curse {unknown}
 j - 2 scrolls of noise {unknown}
 l - a scroll of enchant weapon {unknown}
Potions
 d - a potion of mutation {unknown}
 e - 2 potions of agility {unknown}
 h - 3 potions of curing {unknown}
 k - a potion of lignification {unknown}
 q - a potion of magic {unknown}
Comestibles
 c - 3 rations


   Skills:
 + Level 4.2 Fighting
 + Level 4.8 Axes
 + Level 3.0 Armour
 + Level 2.0 Dodging
 - Level 0.1 Stealth


You had 3 spell levels left.
You didn't know any spells.

Dungeon Overview and Level Annotations

Branches:
Dungeon (2/15)

Altars:
The Shining One


Message History

You kill the gnoll!
Trog accepts your kill.
Your Armour skill increases to level 3!
You have reached level 4!
The gnoll completely misses you.
The gnoll hits you from afar with a halberd.
The bat hits you.
* * * LOW HITPOINT WARNING * * *
The bat barely misses you. The bat barely misses you. x2
You hit the gnoll but do no damage.
The gnoll is lightly wounded.
You miss the bat. The bat hits you but does no damage.
The gnoll completely misses you.
The gnoll hits you from afar with a spear!
* * * LOW HITPOINT WARNING * * *
You hit the gnoll.
The gnoll is heavily wounded.
The bat hits you but does no damage. The gnoll hits you with a halberd!
You die...

.#####.## ###).....<.#
#######.>.b...#..#
.......)#####.#..#
####.##...# #.#..########
##.........# #............
###......#.g.# #.#.#.#######
#..........g#####.#..........
#.........#b@...........#####
#......................##
#.........#.######..#.##
#........##.######...##
#.#......>............##
###.##(..####.####.......##
#.........................#
#.#.###.####..###.).......#
#.#.#....>##..# #.........#


You could see 2 gnolls and a bat.

Vanquished Creatures
  2 gnolls (D:2)
  2 adders (D:2)
  A dart slug (D:1)
  A leopard gecko (D:1)
  3 hobgoblins
  5 kobolds
  A quokka (D:2)
  2 bats
  3 frilled lizards (D:1)
  3 goblins
  4 rats (D:1)
27 creatures vanquished.

Notes
Turn   | Place    | Note
-------+----------+-------------------------------------------
     0 | D:1      | tkdonut the Hill Orc Berserker began the quest for the Orb.
     0 | D:1      | Reached XP level 1. HP: 19/19 MP: 1/1
   221 | D:1      | Reached XP level 2. HP: 27/27 MP: 2/2
   594 | D:1      | Found a glowing golden altar of the Shining One.
   750 | D:2      | Reached XP level 3. HP: 26/33 MP: 3/3
   795 | D:2      | Reached ** piety under Trog
  1182 | D:2      | Reached XP level 4. HP: 14/40 MP: 4/4
  1188 | D:2      | Slain by a gnoll

Skill      XL: |  1  2  3 |
---------------+----------+-----
Fighting       | 4 |  4.2
Dodging        | 2 |  2.0
Armour         | 3 |  3.0
Axes           | |  4.8
Stealth        | |  0.1

Action                   |  1- 3 |  4- 6 || total
-------------------------+-------+-------++-------
Melee: Hand axe          |    75 |     2 ||    77
Invok: Berserk           |     1 |       ||     1
 Stab: Sleeping          |     2 |       ||     2
Armor: Animal skin       |     7 |       ||     7
       Scale mail        |     3 |     2 ||     5
Dodge: Dodged            |    67 |     5 ||    72
